 Dungeon Crawl Stone Soup version 0.29-a0-911-g88e6f02907 (webtiles) character file.

Game seed: 17508268508220319567

6091 dolemite99 the Fiendish (level 10, -3/84 HPs)
             Began as a Purple Draconian Hunter on July 26, 2022.
             Was a Priest of Makhleb.
             Slain by a troll (6 damage)
             ... on level 10 of the Dungeon.
             The game lasted 00:13:48 (13197 turns).

dolemite99 the Fiendish (Purple Draconian Hunter)  Turns: 13197, Time: 00:13:49

Health: -3/84      AC:  9    Str: 14    XL:     10   Next: 58%
Magic:  17/17      EV: 16    Int:  9    God:    Makhleb [***...]
Gold:   523        SH:  0    Dex: 19    Spells: 9/9 levels left

rFire   . . .      SeeInvis .   x - +2 sling (flame)
rCold   . . .      Faith    +   s - orb {light}
rNeg    . . .      Spirit   .   (body armour unavailable)
rPois   .          Reflect  .   (helmet restricted)
rElec   .          Harm     .   c - +1 cloak {Will+}
rCorr   .          Rampage  .   (no gloves)
Will    ++...                   (no boots)
Stlth   +.........              k - amulet of faith
HPRegen 0.24/turn               (no ring)
MPRegen 0.15/turn               (no ring)

@: glowing
A: breathe power, AC +7, unfitting armour, cold-blooded, horns 1, talons 1, low
MP 1
a: Breathe Dispelling Energy, Renounce Religion, Minor Destruction, Lesser
Servant of Makhleb


You were on level 10 of the Dungeon.
You worshipped Makhleb.
Makhleb was most pleased with you.
You visited 1 branch of the dungeon, and saw 10 of its levels.

You collected 523 gold pieces.

Inventory:

Hand Weapons
 b - a +0 whip of venom
 l - a +0 quick blade
 w - a +2 dagger of venom
 x - a +2 sling of flaming (weapon)
Missiles
 m - a throwing net
 A - 24 poisoned darts
 D - 2 boomerangs
Armour
 c - a +1 cloak of willpower (worn)
 s - an orb of light (worn)
Magical Staves
 e - a staff of death
Jewellery
 k - an amulet of faith (around neck)
 o - a ring of protection from cold
 v - a +4 ring of evasion
 z - a +4 ring of protection
 F - a ring of flight
 G - a +6 ring of intelligence
Wands
 r - a wand of iceblast (1)
 t - a wand of polymorph (7)
Scrolls
 d - 2 scrolls of silence
 h - 3 scrolls of magic mapping
 n - 3 scrolls of immolation
 y - 3 scrolls of teleportation
 B - a scroll of blinking
 C - a scroll of vulnerability
Potions
 f - 2 potions of magic
 g - a potion of attraction
 i - 2 potions of mutation
 p - a potion of berserk rage
 q - 2 potions of heal wounds
 u - a potion of cancellation {unknown}
 E - 2 potions of resistance {unknown}
 H - 3 potions of haste
 I - a potion of flight {unknown}


   Skills:
 - Level 6.4 Fighting
 - Level 3.2 Maces & Flails
 - Level 6.5 Ranged Weapons
 + Level 7.0 Dodging
 - Level 0.8 Stealth
 - Level 12.1 Invocations


You had 9 spell levels left.
You didn't know any spells.
Your spell library contained the following spells:

 Spells                   Type           Power      Damage    Failure   Level
 Magic Dart               Conj           0%         1d3       38%         1
 Call Imp                 Summ           0%         N/A       52%         2
 Scorch                   Fire           0%         2d5       52%         2
 Sublimation of Blood     Necr           0%         N/A       52%         2
 Wereblood                Tmut           0%         N/A       52%         2
 Mephitic Cloud           Conj/Pois/Air  0%         N/A       77%         3
 Flame Wave               Conj/Fire      0%         2d4       99%         4
 Fireball                 Conj/Fire      0%         3d3       100%        5
 Starburst                Conj/Fire      0%         6d3       100%        6
 Summon Cactus Giant      Summ           0%         N/A       100%        6
 Summon Hydra             Summ           0%         N/A       100%        7
 Ignition                 Fire           0%         3d3       100%        8


Dungeon Overview and Level Annotations

Branches:
Dungeon (10/15)            Temple (0/1) D:7
   Lair: D:8-11         Orc: D:9-12

Altars:
Fedhas
Makhleb
Wu Jian


Innate Abilities, Weirdness & Mutations

You can breathe bolts of dispelling energy.
Your rich purple scales are hard. (AC +7)
You cannot fit into any form of body armour.
You are cold-blooded and may be slowed by cold attacks.
You have a pair of small horns on your head.
You have sharp toenails.
Your magical capacity is low. (-10% MP)


Message History

You are too injured to fight recklessly!
You are too injured to fight recklessly!
You are too injured to fight recklessly!
You are too injured to fight recklessly!
You are too injured to fight recklessly!
You are too injured to fight recklessly!
You are too injured to fight recklessly!
You are too injured to fight recklessly!
You are too injured to fight recklessly!
You are too injured to fight recklessly!
You are too injured to fight recklessly!
You are too injured to fight recklessly!
You are too injured to fight recklessly!
You are too injured to fight recklessly!
You are too injured to fight recklessly!
You are too injured to fight recklessly!
You are too injured to fight recklessly!
You are too injured to fight recklessly!
You are too injured to fight recklessly!
You are too injured to fight recklessly!
Okay, then.
A demon appears!
The troll bites you but does no damage.
The troll claws you but does no damage. x2; The troll misses you.
The troll claws you!
* * * LOW HITPOINT WARNING * * *
The troll closely misses you.
Your ynoxinul gestures.
A demon appears!
The troll bites you.
* * * LOW HITPOINT WARNING * * *
The troll misses you. The troll claws you.
* * * LOW HITPOINT WARNING * * *
The troll bites you.
* * * LOW HITPOINT WARNING * * *
The troll completely misses you. The troll claws you.
* * * LOW HITPOINT WARNING * * *
Your ufetubus hits the troll. x2; Your ynoxinul hits the troll.
The troll attacks as you move away! The troll bites you.
* * * LOW HITPOINT WARNING * * *
The troll claws you.
You die...

.......'.......#...
.###..##.......#...
#+######........####
.......'............
.......#............
#########+#............
#...3.........#####....
#.............#...#....
#....5@3......'...#....
#....TT.5.....#...#....
#.............#...#....
#..>..........#...'....
###.............###+#....
#......####.....#...#....
#......'..#.....#...'....
#......#..#.....#...#....
#######......#..#.....#####....


You could see 2 trolls, a friendly neqoxec (summoned), a friendly ynoxinul
(summoned) and 2 friendly ufetubi.

Vanquished Creatures
  An unseen horror (D:10)
  A hornet (D:9)
  Grinder (D:4)
  A water moccasin (D:5)
  3 orc warriors
  2 ogres
  A black bear (D:5)
  A centaur (D:8)
  A kobold brigand (D:8)
  3 bullfrogs
  A necrophage (D:5)
  3 scorpions
  8 wights
  3 killer bees (D:9)
  3 hounds (D:5)
  2 jellies
  2 gnoll boudas
  An orc priest (D:4)
  Crazy Yiuf (D:3)
  Jessica (D:2)
  Ijyb (D:3)
  Terence (D:2)
  Natasha (thrice) (D:2)
  3 orc wizards
  8 gnolls
  10 adders
  A shadow imp (D:7)
  2 worms (D:5)
  2 dart slugs (D:4)
  9 orcs
  8 ball pythons
  7 endoplasms
  3 giant cockroaches
  8 goblins
  5 hobgoblins
  4 jackals (D:4)
  5 quokkas (D:3)
  2 bats
  4 frilled lizards
  21 kobolds
  8 rats
155 creatures vanquished.

Vanquished Creatures (collateral kills)
  2 two-headed ogres
  A wraith (D:9)
  A wyvern (D:9)
  3 orc warriors
  2 centaurs (D:6)
  4 bullfrogs
  2 wights (D:8)
  8 killer bees (D:9)
  5 orc priests
  An iguana (D:7)
  6 orc wizards
  9 orcs
44 creatures vanquished.

Vanquished Creatures (others)
  A howler monkey (D:6)
  A demonic plant (D:8)
  7 plants (D:3)
9 creatures vanquished.

Grand Total: 208 creatures vanquished

Notes
Turn   | Place    | Note
-------+----------+-------------------------------------------
     0 | D:1      | dolemite99 the Draconian Hunter began the quest for the
                  | Orb.
     0 | D:1      | Reached XP level 1. HP: 17/17 MP: 1/1
   137 | D:1      | Reached XP level 2. HP: 24/24 MP: 2/2
   527 | D:1      | Found a faded altar of an unknown god.
   536 | D:1      | Prayed at the altar of an unknown god.
   536 | D:1      | Became a worshipper of Makhleb the Destroyer
   536 | D:1      | Reached * piety under Makhleb
   818 | D:2      | Reached XP level 3. HP: 10/29 MP: 3/3
  1563 | D:2      | Noticed Natasha
  1574 | D:2      | Killed Natasha
  1575 | D:2      | Reached skill level 1 in Maces & Flails
  1619 | D:2      | Noticed Natasha
  1633 | D:2      | Reached XP level 4. HP: 29/36 MP: 4/4
  1642 | D:2      | Killed Natasha
  1773 | D:2      | Noticed Natasha
  1790 | D:2      | Killed Natasha
  2107 | D:2      | Noticed Jessica
  2120 | D:2      | Killed Jessica
  2121 | D:2      | Reached XP level 5. HP: 35/41 MP: 5/5
  2462 | D:2      | Noticed Terence
  2472 | D:2      | Killed Terence
  2473 | D:2      | Reached skill level 5 in Ranged Weapons
  2473 | D:2      | Gained mutation: Your magical capacity is low. (-10% MP)
                  | [potion of mutation]
  2473 | D:2      | Gained mutation: You have a pair of small horns on your
                  | head. [potion of mutation]
  2473 | D:2      | Gained mutation: You have sharp toenails. [potion of
                  | mutation]
  3349 | D:3      | Reached ** piety under Makhleb
  3388 | D:3      | Found a blossoming altar of Fedhas.
  3388 | D:3      | Found an ornate altar of the Wu Jian Council.
  3554 | D:3      | Noticed Ijyb
  3566 | D:3      | Killed Ijyb
  3759 | D:3      | Found a runed translucent door.
  3793 | D:3      | Noticed Crazy Yiuf
  3800 | D:3      | Killed Crazy Yiuf
  3969 | D:3      | Reached XP level 6. HP: 48/48 MP: 5/5
  4631 | D:4      | Reached *** piety under Makhleb
  5299 | D:4      | Reached skill level 1 in Invocations
  5434 | D:4      | Noticed Grinder
  5452 | D:4      | Killed Grinder
  5453 | D:4      | Reached skill level 4 in Invocations
  5453 | D:4      | Your scales start taking on a rich purple colour.
  5453 | D:4      | Reached XP level 7. HP: 37/55 MP: 6/9
  6311 | D:5      | Entered Level 5 of the Dungeon
  6542 | D:5      | Reached skill level 5 in Invocations
  6748 | D:5      | Reached skill level 6 in Invocations
  6964 | D:5      | Reached skill level 7 in Invocations
  6964 | D:5      | Reached XP level 8. HP: 61/61 MP: 10/11
  7064 | D:5      | Reached **** piety under Makhleb
  7340 | D:6      | Reached skill level 8 in Invocations
  7383 | D:6      | Reached skill level 9 in Invocations
  7833 | D:7      | Found a staircase to the Ecumenical Temple.
  8430 | D:7      | Reached skill level 10 in Invocations
  8636 | D:7      | Reached XP level 9. HP: 61/67 MP: 15/15
  8999 | D:7      | Found a burning altar of Makhleb.
  8999 | D:7      | Noticed a blizzard demon
  9041 | D:8      | Noticed a two-headed ogre
  9056 | D:7      | Killed a two-headed ogre
  9057 | D:7      | Reached skill level 11 in Invocations
  9498 | D:7      | Reached skill level 12 in Invocations
 10202 | D:8      | Reached skill level 5 in Fighting
 11433 | D:9      | Reached XP level 10. HP: 33/84 MP: 17/17
 11985 | D:9      | Reached skill level 5 in Dodging
 12189 | D:9      | Noticed a two-headed ogre
 12873 | D:10     | Entered Level 10 of the Dungeon
 12923 | D:10     | Noticed a two-headed ogre
 12931 | D:10     | Killed a two-headed ogre
 13197 | D:10     | HP: 3/84 [troll (3)]
 13197 | D:10     | Slain by a troll

Illustrated notes

Levels and vault maps discovered:
D:1:      dpeg_arrival_pond, layout_basic, hellmonk_ecumenical_altar_zigzags
D:2:      layout_loops_cross, uniq_jessica, uniq_terence, uniq_natasha
D:3:      layout_loops_ring, nicolae_overflow_two_pavilions,
          gup_sewer_entry_bubbles, lexackson_kobold_supper, uniq_ijyb,
          uniq_crazy_yiuf_cottage
D:4:      layout_loops_ring, kennysheep_opposing_triangles, uniq_grinder
D:5:      layout_rooms
D:6:      layout_rooms, minmay_misc_feat_rugged
D:7:      layout_rooms, makhleb_altar_promises_db, minmay_temple_entry_grid,
          grunt_ogre_cave, ebering_dispersal_statue_hall
D:8:      layout_rooms, minivault_4, dreamdust_princess_corridor
D:9:      layout_basic, onia_ninara_dug_in_and_dangerous
D:10:     layout_gridville

Skill      XL: |  1  2  3  4  5  6  7  8  9 10 |
---------------+-------------------------------+-----
Ranged Weapons | 4 5 6 |  6.5
Maces & Flails | 2 3 |  3.2
Invocations    | 4 7 10 12 | 12.1
Fighting       | 6 |  6.4
Dodging        | 2 7 |  7.0
Stealth        | |  0.8

Action                   |  1- 3 |  4- 6 |  7- 9 | 10-12 || total
-------------------------+-------+-------+-------+-------++-------
Melee: Whip              |       |    53 |       |       ||    53
       Tailslap          |       |    10 |       |       ||    10
       Kick              |       |     2 |       |       ||     2
       Headbutt          |       |     2 |       |       ||     2
 Fire: Shortbow          |   105 |    69 |       |       ||   174
       Sling             |       |    70 |   158 |    17 ||   245
Invok: Minor Destruction |       |    27 |   103 |    15 ||   145
       Lesser Servant of |       |       |    18 |     9 ||    27
 Abil: Breathe Dispellin |       |       |     3 |     2 ||     5
  Use: Scroll            |     6 |     7 |     7 |     3 ||    23
       Potion            |       |     4 |     5 |     2 ||    11
Armor: Skin              |    17 |    49 |    48 |    13 ||   127
Dodge: Dodged            |    33 |    68 |   115 |    46 ||   262

Table legend: (Time is in decaauts)
 A = Elapsed time spent in this place.
 B = Non-inter-level travel time spent in this place.
 C = Inter-level travel time spent in this place.
 D = Time resting spent in this place.
 E = Time spent auto-exploring this place.
 F = Levels seen in this place.
 G = Mean time per level.
                   A        B        C        D        E       F      G
               +--------+--------+--------+--------+--------+-----+--------+
         Total |  13281 |  13035 |    246 |   5393 |   5921 |  10 | 1328.1 |
       Dungeon |  13281 |  13035 |    246 |   5393 |   5921 |  10 | 1328.1 |
               +--------+--------+--------+--------+--------+-----+--------+

Top non-repeatable levels by time:
     D:2: 2541 daAuts
     D:7: 2023 daAuts
     D:4: 1730 daAuts
     D:8: 1559 daAuts
     D:9: 1469 daAuts
     D:3: 1333 daAuts
     D:5: 948 daAuts
     D:1: 775 daAuts
     D:6: 575 daAuts
    D:10: 324 daAuts
